 Dungeon Crawl Stone Soup version 0.30-a0-782-ge64f9170bb (webtiles) character file.

Game seed: 13126418157591177713

9 theswoord the Chopper (level 2, 22/22 HPs)
             Began as a Demonspawn Gladiator on Feb 20, 2023.
             Was an Initiate of Ashenzari.
             Got out of the dungeon alive.
             The game lasted 00:01:27 (235 turns).

theswoord the Chopper (Demonspawn Gladiator)         Turns: 235, Time: 00:01:27

Health: 22/22      AC:  4    Str: 14    XL:     2   Next: 3%
Magic:  2/2        EV: 12    Int:  9    God:    Ashenzari [......]
Gold:   8          SH:  0    Dex: 14    Spells: 1/1 levels left

rFire   . . .      SeeInvis .    a - +0 war axe "Lashed With Me" {Cun, Fort} (curse)
rCold   . . .      Faith    .    (no shield)
rNeg    . . .      Spirit   .    b - +0 leather armour
rPois   .          Reflect  .    c - +0 helmet
rElec   .          Harm     .    (no cloak)
rCorr   .          Rampage  .    (no gloves)
Will    .....                    (no boots)
Stlth   +                        (no amulet)
HPRegen 0.23/turn                (no ring)
MPRegen 0.08/turn                (no ring)

@: no status effects
A: demonic guardian 1
a: Renounce Religion, Shatter the Chains


You escaped.
You worshipped Ashenzari.
Ashenzari was noncommittal.
You visited 1 branch of the dungeon, and saw 1 of its levels.

You collected 8 gold pieces.

Inventory:

Hand Weapons
 a - the cursed +0 war axe "Lashed With Me" (weapon) {Cun, Fort}

   It has a curse which improves the following skills: Cunning: Dodging and
   Stealth.
   Fortitude: Armour and Shields.
Missiles
 d - 3 throwing nets (quivered)
 e - a javelin
Armour
 b - a +0 leather armour (worn)
 c - a +0 helmet (worn)
Scrolls
 f - a scroll of immolation {unknown}
 g - 3 scrolls of magic mapping {unknown}
 h - a scroll of enchant armour {unknown}
 j - a scroll of blinking {unknown}
 l - a scroll of identify {unknown}
Potions
 i - a potion of curing {unknown}
 k - a potion of lignification {unknown}


   Skills:
 - Level 2.0 Fighting
 + Level 3.2 Axes
 - Level 1.7 Throwing
 - Level 2.6(3.0) Dodging


You had one spell level left.
You didn't know any spells.
Your spell library was empty.

Dungeon Overview and Level Annotations

Branches:
Dungeon (1/15)

Altars:
Ashenzari

Shops:
D:1 =


Innate Abilities, Weirdness & Mutations

A weak demonic guardian rushes to your aid.


Message History

No target in view!
You now have 8 gold pieces.
A giant cockroach comes into view.
Found a faded altar of an unknown god.
A giant cockroach is nearby!
A giant cockroach is nearby!
The giant cockroach misses you.
You closely miss the giant cockroach.
The giant cockroach bites you but does no damage.
The giant cockroach bites you.
You hit the giant cockroach but do no damage.
The giant cockroach bites you but does no damage.
The giant cockroach barely misses you.
You hit the giant cockroach. The giant cockroach closely misses you.
You hit the giant cockroach but do no damage.
The giant cockroach barely misses you. The giant cockroach closely misses you.
You completely miss the giant cockroach.
The giant cockroach barely misses you.
You barely miss the giant cockroach.
The giant cockroach bites you but does no damage.
The giant cockroach closely misses you.
You hit the giant cockroach.
You kill the giant cockroach!
You have reached level 2!
Your demonic ancestry asserts itself...
You feel the presence of a demonic guardian.
There is a faded altar of an unknown god here.
This altar belongs to (a) Ashenzari, (b) Jiyva or (c) Kikubaaqudgha, but you can't tell which.
Press the corresponding letter to learn more about a god, or press enter to convert or escape to cancel.
Okay, then.
Unknown command.
Press < or > to pray at altars.
This altar belongs to (a) Ashenzari, (b) Jiyva or (c) Kikubaaqudgha, but you can't tell which.
Press the corresponding letter to learn more about a god, or press enter to convert or escape to cancel.
Ashenzari accepts your prayer! Ashenzari welcomes you!
Ashenzari warns you of distant threats and treasures.
Ashenzari reveals the structure of the dungeon to you.
Ashenzari shows you where magical portals lie.
Ashenzari invites you to partake of a vision and a curse of cunning and fortitude.
Your +0 war axe glows black for a moment.
There is a staircase leading out of the dungeon here.
Are you sure you want to leave the Dungeon?
This will make you lose the game!
You have escaped!

########################
≈≈≈≈≈~~........#.....#..
≈≈≈~~.....≈.......#.....
~.~....~.~≈≈.~.(..##..#.
~.....~~.≈.~~....##.....
.....~≈@≈≈~..~.~(.#.....
....~~~≈≈≈~~~...........
....~~.≈≈~~..~.....#....
≈....~~~~~..~~.....#.##.
≈.~......~~~≈...#..#....
≈≈≈~~.....~~....#....##.
≈≈≈≈~~≈~...............#
##############.......###
.. ###.######.


There were no monsters in sight!

Vanquished Creatures
  A dart slug (D:1)
  An endoplasm (D:1)
  A giant cockroach (D:1)
  A hobgoblin (D:1)
  2 ball pythons (D:1)
6 creatures vanquished.

Notes
Turn   | Place    | Note
-------+----------+-------------------------------------------
     0 | D:1      | theswoord the Demonspawn Gladiator began the quest for the
                  | Orb.
     0 | D:1      | Reached XP level 1. HP: 16/16 MP: 1/1
    61 | D:1      | Found Masufebe's One-of-a-Kind Rings.
    63 | D:1      | Reached skill level 3 in Axes
   191 | D:1      | Found a faded altar of an unknown god.
   205 | D:1      | Gained mutation: A weak demonic guardian rushes to your
                  | aid. [demonic ancestry]
   205 | D:1      | Reached XP level 2. HP: 22/22 MP: 2/2
   206 | D:1      | Prayed at the altar of an unknown god.
   206 | D:1      | Became a worshipper of Ashenzari the Shackled
   235 | D:$      | Got out of the dungeon alive.

Skill      XL: |  1 |
---------------+----+-----
Axes           | 3 |  3.2
Fighting       | |  2.0
Throwing       | |  1.7
Dodging        | |  2.6

Action                     || total
---------------------------++-------
  Melee: War axe           ||    15
 Invoke: Curse Item        ||     1
 Armour: Leather armour    ||     7
  Dodge: Dodged            ||    12

Levels and vault maps discovered:
D:1:      dpeg_arrival_more_subterranean_lakeside_camping, layout_basic,
          hellmonk_ecumenical_altar_crossroads, nicolae_shop_unique_rings,
          hex_medium
